TOP OF THE 1ST |
San Francisco Bandits batting - Pitching for Nevada Noise : RHP Cliff Long
|
Pitching: RHP Cliff Long
|
|
Batting: RHB Raúl Bruno
|
0-0: Foul Ball, location: 2F 0-1: Ground out 4-3 (Groundball, 4M)
|
Batting: LHB Alberto Gómez
|
0-0: Ball 1-0: Foul Ball, location: 2F 1-1: Ball 2-1: SOLO HOME RUN (Line Drive, 9D), Distance : 401 ft
|
Batting: RHB Owen Carter
|
0-0: Ball 1-0: Ball 2-0: Ball 3-0: Called Strike 3-1: Called Strike 3-2: Foul Ball, location: 2F 3-2: Fly out, F4 (Line Drive, 4)
|
Batting: RHB Michael Elliott
|
0-0: Called Strike 0-1: Swinging Strike 0-2: Foul Ball, location: 2F 0-2: Ball 1-2: Ball 2-2: Ball 3-2: Foul Ball, location: 2F 3-2: Ground out 5-3 (Groundball, 56)
|
Top of the 1st over - 1 run(s), 1 hit(s), 0 error(s), 0 left on base; San Francisco 1 - Nevada 0 |
BOTTOM OF THE 1ST |
Nevada Noise batting - Pitching for San Francisco Bandits : LHP Esteban Peña
|
Pitching: LHP Esteban Peña
|
|
Batting: RHB Max Jones
|
0-0: Ball 1-0: Ground out 6-3 (Groundball, 6)
|
Batting: RHB Fernando Gálvez
|
0-0: Ball 1-0: Called Strike 1-1: Ground out 4-3 (Groundball, 4)
|
Batting: SHB Julián Madrid
|
0-0: Ball 1-0: Ball 2-0: Called Strike 2-1: Called Strike 2-2: SINGLE (Flyball, 89S) - OUT at second base trying to stretch hit.
|
Bottom of the 1st over - 0 run(s), 1 hit(s), 0 error(s), 0 left on base; San Francisco 1 - Nevada 0 |
TOP OF THE 2ND |
San Francisco Bandits batting - Pitching for Nevada Noise : RHP Cliff Long
|
Batting: RHB Gustavo Ortíz
|
0-0: Ball 1-0: Called Strike 1-1: Called Strike 1-2: Foul Ball, location: 2F 1-2: Strikes out swinging
|
Batting: RHB Juan Mendoza
|
0-0: Ground out 1-3 (Groundball, 15S)
|
Batting: RHB Cory Foster
|
0-0: Called Strike 0-1: Ball 1-1: Ball 2-1: Ground out 6-3 (Groundball, 56)
|
Top of the 2nd over - 0 run(s), 0 hit(s), 0 error(s), 0 left on base; San Francisco 1 - Nevada 0 |
BOTTOM OF THE 2ND |
Nevada Noise batting - Pitching for San Francisco Bandits : LHP Esteban Peña
|
Batting: RHB Edward Young
|
0-0: Ball 1-0: Ball 2-0: Ball 3-0: Base on Balls
|
Batting: LHB Willie Wallace
|
0-0: Called Strike 0-1: Foul Ball, location: 2F 0-2: Strikes out swinging
|
Batting: RHB Rich Ruffin
|
0-0: Called Strike 0-1: Ball 1-1: Fly out, F5 (Popup, 56S)
|
Batting: LHB Milton Watson
|
0-0: Fly out, F7 (Flyball, 7S)
|
Bottom of the 2nd over - 0 run(s), 0 hit(s), 0 error(s), 1 left on base; San Francisco 1 - Nevada 0 |
TOP OF THE 3RD |
San Francisco Bandits batting - Pitching for Nevada Noise : RHP Cliff Long
|
Batting: RHB Ramón Ruíz
|
0-0: Foul Ball, location: 2F 0-1: Fly out, F4 (Popup, 3D)
|
Batting: RHB Glenn Melican
|
0-0: Called Strike 0-1: Swinging Strike 0-2: Ball 1-2: Ball 2-2: Ball 3-2: Foul Ball, location: 2F 3-2: SINGLE (Groundball, 4D)
|
Batting: RHB Raúl Bruno
|
0-0: SINGLE (Line Drive, 34D) Glenn Melican to second
|
Batting: LHB Alberto Gómez
|
0-0: Called Strike 0-1: Swinging Strike 0-2: Ball 1-2: Foul Ball, location: 2F 1-2: Ball 2-2: Fly out, F7 (Flyball, 7S)
|
Batting: RHB Owen Carter
|
0-0: Ball 1-0: Called Strike 1-1: Foul Ball, location: 2F 1-2: Foul Ball, location: 2F 1-2: Ball 2-2: Foul Ball, location: 2F 2-2: DOUBLE (Line Drive, 89D) Glenn Melican scores Raúl Bruno to third Runner from 3rd tries for Home, SAFE, no throw
|
Batting: RHB Michael Elliott
|
0-0: Foul Ball, location: 2F 0-1: Ground out 6-3 (Groundball, 6)
|
Top of the 3rd over - 2 run(s), 3 hit(s), 0 error(s), 1 left on base; San Francisco 3 - Nevada 0 |
BOTTOM OF THE 3RD |
Nevada Noise batting - Pitching for San Francisco Bandits : LHP Esteban Peña
|
Batting: RHB Fernando Martínez
|
0-0: Called Strike 0-1: Ball 1-1: Fly out, F9 (Flyball, 9)
|
Batting: RHB Vern Carlton
|
0-0: Swinging Strike 0-1: Ball 1-1: SINGLE (Groundball, 34D)
|
Batting: RHB Max Jones
|
0-0: Ball 1-0: Foul Ball, location: 2F 1-1: 2-RUN HOME RUN (Flyball, 8LXD), Distance : 464 ft
|
Batting: RHB Fernando Gálvez
|
0-0: DOUBLE (Line Drive, 78XD)
|
Batting: SHB Julián Madrid
|
0-0: Ground out 6-3 (Groundball, 6)
|
Batting: RHB Edward Young
|
0-0: Called Strike 0-1: Ground out 6-3 (Groundball, 6)
|
Bottom of the 3rd over - 2 run(s), 3 hit(s), 0 error(s), 1 left on base; San Francisco 3 - Nevada 2 |
TOP OF THE 4TH |
San Francisco Bandits batting - Pitching for Nevada Noise : RHP Cliff Long
|
Batting: RHB Gustavo Ortíz
|
0-0: Ball 1-0: SINGLE (Line Drive, 8RS)
|
Batting: RHB Juan Mendoza
|
0-0: Ball 1-0: Called Strike 1-1: Foul Ball, location: 2F 1-2: Foul Ball, location: 2F 1-2: Fly out, F7 (Flyball, 7S)
|
Batting: RHB Cory Foster
|
0-0: SINGLE (Groundball, 56D) Gustavo Ortíz to second
|
Batting: RHB Ramón Ruíz
|
0-0: Called Strike 0-1: Ball 1-1: Called Strike 1-2: Foul Ball, location: 2F 1-2: Foul Ball, location: 2F 1-2: Ball 2-2: Foul Ball, location: 2F 2-2: Fly out, F8 (Flyball, 89M) Runner from 2nd tags up, SAFE at 3rd with throw
|
Batting: RHB Glenn Melican
|
0-0: Ball 1-0: Foul Ball, location: 2F 1-1: Ball 2-1: Foul Ball, location: 2F 2-2: Ball 3-2: Base on Balls Cory Foster to second
|
Batting: RHB Raúl Bruno
|
0-0: Ball 1-0: Fielders Choice at 2nd, 4-6 (Groundball, 4)
|
Top of the 4th over - 0 run(s), 2 hit(s), 0 error(s), 2 left on base; San Francisco 3 - Nevada 2 |
BOTTOM OF THE 4TH |
Nevada Noise batting - Pitching for San Francisco Bandits : LHP Esteban Peña
|
Batting: LHB Willie Wallace
|
0-0: Foul Ball, location: 2F 0-1: Foul Ball, location: 2F 0-2: Ground out U3 (Groundball, 3)
|
Batting: RHB Rich Ruffin
|
0-0: Called Strike 0-1: Ball 1-1: Ball 2-1: Called Strike 2-2: Fly out, F9 (Flyball, 9LS)
|
Batting: LHB Milton Watson
|
0-0: Fly out, F6 (Popup, 6MD)
|
Bottom of the 4th over - 0 run(s), 0 hit(s), 0 error(s), 0 left on base; San Francisco 3 - Nevada 2 |
TOP OF THE 5TH |
San Francisco Bandits batting - Pitching for Nevada Noise : RHP Cliff Long
|
Batting: LHB Alberto Gómez
|
0-0: Ball 1-0: Ball 2-0: Foul Ball, location: 2F 2-1: Ball 3-1: Base on Balls
|
Pitching: RHP Carl Henry
|
|
Batting: RHB Owen Carter
|
0-0: Ball 1-0: Ball 2-0: Ball 3-0: Called Strike 3-1: Base on Balls Alberto Gómez to second
|
Batting: RHB Michael Elliott
|
0-0: Called Strike 0-1: Ball 1-1: Ball 2-1: Called Strike 2-2: Fly out, F7 (Flyball, 78S)
|
Batting: RHB Gustavo Ortíz
|
0-0: Called Strike 0-1: Ball 1-1: Swinging Strike 1-2: Ball 2-2: Strikes out swinging
|
Batting: RHB Juan Mendoza
|
0-0: 3-RUN HOME RUN (Flyball, 7D), Distance : 411 ft
|
Batting: RHB Cory Foster
|
0-0: Ball 1-0: Ball 2-0: Called Strike 2-1: Ball 3-1: Foul Ball, location: 2F 3-2: Ground out 6-3 (Groundball, 6)
|
Top of the 5th over - 3 run(s), 1 hit(s), 0 error(s), 0 left on base; San Francisco 6 - Nevada 2 |
BOTTOM OF THE 5TH |
Nevada Noise batting - Pitching for San Francisco Bandits : LHP Esteban Peña
|
Batting: RHB Fernando Martínez
|
0-0: Swinging Strike 0-1: TRIPLE (Line Drive, 89M)
|
Batting: RHB Vern Carlton
|
0-0: Ball 1-0: Called Strike 1-1: Ball 2-1: Called Strike 2-2: Ball 3-2: Fly out, F4 (Line Drive, 4)
|
Batting: RHB Max Jones
|
0-0: Called Strike 0-1: Ball 1-1: Foul Ball, location: 2F 1-2: Ground out 5-3 (Groundball, 5L)
|
Batting: RHB Fernando Gálvez
|
0-0: Ground out 6-3 (Groundball, 6)
|
Bottom of the 5th over - 0 run(s), 1 hit(s), 0 error(s), 1 left on base; San Francisco 6 - Nevada 2 |
TOP OF THE 6TH |
San Francisco Bandits batting - Pitching for Nevada Noise : RHP Carl Henry
|
Pitching: LHP Rob Greene
|
|
Batting: RHB Ramón Ruíz
|
0-0: Called Strike 0-1: Ball 1-1: Swinging Strike 1-2: SINGLE (Flyball, 8RS)
|
Batting: RHB Glenn Melican
|
0-0: Ball 1-0: SINGLE (Groundball, 56D) Ramón Ruíz to second
|
Batting: RHB Raúl Bruno
|
0-0: Ball 1-0: Grounds into double play, 4-6-3 (Groundball, 4) Ramón Ruíz to third
|
Batting: LHB Alberto Gómez
|
0-0: Swinging Strike 0-1: Foul Ball, location: 2F 0-2: Ball 1-2: Foul Ball, location: 2F 1-2: Strikes out swinging
|
Top of the 6th over - 0 run(s), 2 hit(s), 0 error(s), 1 left on base; San Francisco 6 - Nevada 2 |
BOTTOM OF THE 6TH |
Nevada Noise batting - Pitching for San Francisco Bandits : LHP Esteban Peña
|
Batting: SHB Julián Madrid
|
0-0: Ball 1-0: Foul Ball, location: 2F 1-1: Ball 2-1: SOLO HOME RUN (Flyball, 7D), Distance : 389 ft
|
Batting: RHB Edward Young
|
0-0: Ball 1-0: Ball 2-0: Fly out, F5 (Popup, 5)
|
Batting: LHB Willie Wallace
|
0-0: Foul Ball, location: 2F 0-1: Ball 1-1: Foul Ball, location: 2F 1-2: Fly out, F4 (Popup, 4D)
|
Batting: RHB Rich Ruffin
|
0-0: Ball 1-0: Ball 2-0: Swinging Strike 2-1: Ground out 4-3 (Groundball, 4)
|
Bottom of the 6th over - 1 run(s), 1 hit(s), 0 error(s), 0 left on base; San Francisco 6 - Nevada 3 |
TOP OF THE 7TH |
San Francisco Bandits batting - Pitching for Nevada Noise : LHP Rob Greene
|
Batting: RHB Owen Carter
|
0-0: Foul Ball, location: 2F 0-1: Foul Ball, location: 2F 0-2: Ball 1-2: Foul Ball, location: 2F 1-2: Ground out 5-3 (Groundball, 56)
|
Batting: RHB Michael Elliott
|
0-0: Called Strike 0-1: Swinging Strike 0-2: SOLO HOME RUN (Flyball, 7D) (Inside the Park)
|
Batting: RHB Gustavo Ortíz
|
0-0: Called Strike 0-1: Foul Ball, location: 2F 0-2: SINGLE (Line Drive, 89S)
|
Batting: RHB Juan Mendoza
|
0-0: Ball 1-0: Called Strike 1-1: Called Strike 1-2: Foul Ball, location: 2F 1-2: 2-RUN HOME RUN (Flyball, 7D), Distance : 388 ft
|
Batting: RHB Cory Foster
|
0-0: SINGLE (Groundball, 6MS) (infield hit)
|
Batting: RHB Ramón Ruíz
|
0-0: Ball 1-0: Foul Ball, location: 2F 1-1: Called Strike 1-2: Foul Ball, location: 2F 1-2: Strikes out looking
|
Batting: RHB Glenn Melican
|
0-0: Swinging Strike 0-1: Ball 1-1: Ball 2-1: Called Strike 2-2: Ball 3-2: Fly out, F7 (Line Drive, 7)
|
Top of the 7th over - 3 run(s), 4 hit(s), 0 error(s), 1 left on base; San Francisco 9 - Nevada 3 |
BOTTOM OF THE 7TH |
Nevada Noise batting - Pitching for San Francisco Bandits : LHP Esteban Peña
|
Batting: LHB Milton Watson
|
0-0: Ball 1-0: Ball 2-0: SINGLE (Groundball, 56D)
|
Batting: RHB Fernando Martínez
|
0-0: Called Strike 0-1: Ball 1-1: Ball 2-1: Foul Ball, location: 2F 2-2: Fielders Choice at 2nd, 1-4 (Groundball, 15)
|
Batting: RHB Vern Carlton
|
0-0: Ball 1-0: SINGLE (Flyball, 8RS) Fernando Martínez to second
|
Batting: RHB Max Jones
|
0-0: Ball 1-0: Foul Ball, location: 2F 1-1: Called Strike 1-2: Ball 2-2: Ball 3-2: Base on Balls Fernando Martínez to third Vern Carlton to second
|
Batting: RHB Fernando Gálvez
|
0-0: Swinging Strike 0-1: SINGLE (Groundball, 4MS) (infield hit) Fernando Martínez scores Vern Carlton to third Max Jones to second
|
Batting: SHB Julián Madrid
|
0-0: Called Strike 0-1: GRAND SLAM HOME RUN (Flyball, 9D), Distance : 402 ft
|
Pitching: RHP Carlos Ledezma
|
|
Batting: RHB Edward Young
|
0-0: Foul Ball, location: 2F 0-1: Called Strike 0-2: Ball 1-2: Strikes out swinging
|
Batting: LHB Willie Wallace
|
0-0: Ball 1-0: Ball 2-0: Called Strike 2-1: Called Strike 2-2: Strikes out swinging
|
Bottom of the 7th over - 5 run(s), 4 hit(s), 0 error(s), 0 left on base; San Francisco 9 - Nevada 8 |
TOP OF THE 8TH |
San Francisco Bandits batting - Pitching for Nevada Noise : LHP Rob Greene
|
Pitching: RHP Mike Pierce
|
|
Batting: RHB Raúl Bruno
|
0-0: Foul Ball, location: 2F 0-1: Foul Ball, location: 2F 0-2: Strikes out swinging
|
Batting: LHB Alberto Gómez
|
0-0: Swinging Strike 0-1: Foul Ball, location: 2F 0-2: Ball 1-2: Strikes out looking
|
Batting: RHB Owen Carter
|
0-0: Swinging Strike 0-1: Swinging Strike 0-2: Foul Ball, location: 2F 0-2: Ball 1-2: Strikes out swinging
|
Top of the 8th over - 0 run(s), 0 hit(s), 0 error(s), 0 left on base; San Francisco 9 - Nevada 8 |
BOTTOM OF THE 8TH |
Nevada Noise batting - Pitching for San Francisco Bandits : RHP Carlos Ledezma
|
Pitching: RHP Mal Park
|
|
Batting: RHB Rich Ruffin
|
0-0: Ball 1-0: Called Strike 1-1: Ball 2-1: Foul Ball, location: 2F 2-2: Foul Ball, location: 2F 2-2: Foul Ball, location: 2F 2-2: Foul Ball, location: 2F 2-2: Strikes out swinging
|
Pitching: RHP Alfonso Martínez
|
|
Batting: LHB Milton Watson
|
0-0: Swinging Strike 0-1: Swinging Strike 0-2: Ball 1-2: Ball 2-2: Strikes out swinging
|
Pitching: RHP Felipe Reyes
|
|
Batting: RHB Fernando Martínez
|
0-0: Ball 1-0: Ball 2-0: Ground out 5-3 (Groundball, 56)
|
Bottom of the 8th over - 0 run(s), 0 hit(s), 0 error(s), 0 left on base; San Francisco 9 - Nevada 8 |
TOP OF THE 9TH |
San Francisco Bandits batting - Pitching for Nevada Noise : RHP Mike Pierce
|
Pitching: RHP Jorge Pérez
|
|
Batting: RHB Michael Elliott
|
0-0: Ball 1-0: Foul Ball, location: 2F 1-1: Fly out, F8 (Flyball, 8LXD)
|
Batting: RHB Gustavo Ortíz
|
0-0: Ground out 4-3 (Groundball, 4)
|
Batting: RHB Juan Mendoza
|
0-0: Ball 1-0: Ball 2-0: Foul Ball, location: 2F 2-1: Called Strike 2-2: Foul Ball, location: 2F 2-2: Ball 3-2: Foul Ball, location: 2F 3-2: Base on Balls
|
Pinch Hitting: LHB Mario García
|
0-0: Ball 1-0: Called Strike 1-1: Called Strike 1-2: SINGLE (Groundball, 4MD) Juan Mendoza to second
|
Batting: RHB Ramón Ruíz
|
0-0: Ball 1-0: Swinging Strike 1-1: Ball 2-1: Foul Ball, location: 2F 2-2: Strikes out looking
|
Top of the 9th over - 0 run(s), 1 hit(s), 0 error(s), 2 left on base; San Francisco 9 - Nevada 8 |
BOTTOM OF THE 9TH |
Nevada Noise batting - Pitching for San Francisco Bandits : RHP Felipe Reyes
|
Pitching: RHP Mitsunari Taguchi
|
|
Now in CF: Mario García
|
|
Pinch Hitting: LHB Pablo Reyes
|
0-0: Called Strike 0-1: Foul Ball, location: 2F 0-2: Strikes out looking
|
Pinch Hitting: LHB Tom Waller
|
0-0: Ball 1-0: Ball 2-0: Ball 3-0: Base on Balls
|
Batting: RHB Fernando Gálvez
|
0-0: Ball 1-0: Ball 2-0: Ball 3-0: Swinging Strike 3-1: Called Strike 3-2: Base on Balls Tom Waller to second
|
Batting: SHB Julián Madrid
|
0-0: Ball 1-0: Ball 2-0: Foul Ball, location: 2F 2-1: Ball 3-1: Foul Ball, location: 2F 3-2: Base on Balls Tom Waller to third Fernando Gálvez to second
|
Batting: RHB Edward Young
|
0-0: Swinging Strike 0-1: Ball 1-1: Ball 2-1: Fly out, F6 (Popup, 5D)
|
Batting: LHB Willie Wallace
|
0-0: Ball 1-0: Ball 2-0: Fly out, F5 (Popup, 5L)
|
Bottom of the 9th over - 0 run(s), 0 hit(s), 0 error(s), 3 left on base; San Francisco 9 - Nevada 8 |
|